 Dungeon Crawl Stone Soup version 0.17-a0-802-g1f09329 (webtiles) character file.

402 Hanyuu the Insei (level 6, -2/39 HPs)
             Began as an Octopode Transmuter on Apr 26, 2015.
             Slain by Grinder (4 damage)
             ... while paralysed by Grinder
             ... on level 4 of the Dungeon.
             The game lasted 00:10:03 (4214 turns).

Hanyuu the Insei (Octopode Transmuter)              Turns: 4214, Time: 00:10:03

Health: -2/39      AC:  2    Str:  9    XL:     6   Next: 85%
Magic:  9/9        EV:  2    Int: 16    God:
Gold:   147        SH:  0    Dex: 14    Spells: 3 memorised, 3 levels left

rFire  . . .     SeeInvis .     a - +1 dagger (speed)
rCold  . . .     Clarity  .     (no shield)
rNeg   . . .     SustAb   .     p - +1 hat
rPois  .         Gourm    .     (no amulet)
rElec  .         Spirit   .     (no ring)
rCorr  .         Warding  .     (no ring)
rMut   .         Stasis   .     (no ring)
MR     .....                    (no ring)
Stlth  ++........               (no ring)
                                (no ring)
                                (no ring)
                                (no ring)

@: paralysed, not resistant to hostile enchantments, unstealthy
A: almost no armour, amphibious, 8 rings, constrict 8, camouflage 1, gelatinous
body 1
a: no special abilities


You were on level 4 of the Dungeon.
You were hungry.

You visited 1 branch of the dungeon, and saw 4 of its levels.

You collected 147 gold pieces.

Inventory:

Hand weapons
 a - a +1 dagger of speed (weapon)
 k - a +0 hunting sling
 u - a +2 vampiric dagger
 y - a +0 short sword of holy wrath
Missiles
 d - 8 tomahawks
 f - 6 poisoned javelins (quivered)
 h - 29 poisoned needles
 i - 48 arrows
 l - 22 sling bullets
 v - 44 stones
Armour
 p - a +1 hat (worn)
Magical staves
 t - an uncursed staff of air
Scrolls
 e - a scroll of enchant armour
 o - 2 scrolls of enchant weapon {unknown}
 r - 3 scrolls of remove curse {unknown}
 s - a scroll of random uselessness {unknown}
Potions
 m - a potion of ambrosia
 n - a potion of flight {unknown}
 q - 2 potions of curing
Books
 b - a book of Changes

   Spells                             Type                      Level
   a - Beastly Appendage              Transmutation                1
   b - Sticks to Snakes               Transmutation                2
   c - Spider Form                    Transmutation/Poison         3
   d - Ice Form                       Ice/Transmutation            4
   e - Blade Hands                    Transmutation                5
Comestibles
 c - a bread ration
 g - 2 meat rations
 w - a slice of pizza


   Skills:
 - Level 2.2 Fighting
 - Level 3.1 Dodging
 * Level 6.3 Unarmed Combat
 - Level 2.0 Spellcasting
 + Level 2.8 Transmutations


You had 3 spell levels left.
You knew the following spells:

 Your Spells              Type           Power        Failure   Level  Hunger
a - Beastly Appendage     Trmt           ##....       10%         1    #......
b - Sticks to Snakes      Trmt           ##........   12%         2    ###....
c - Spider Form           Trmt/Pois      #.........   38%         3    ###....


Dungeon Overview and Level Annotations

Branches:
Dungeon (4/15)
 Temple: D:4-7

Altars:
Dithmenos
Kikubaaqudgha
Qazlal
Xom

Annotations:
D:4 Grinder


Innate Abilities, Weirdness & Mutations

You cannot wear most types of armour.
You are amphibious.
You can wear up to eight rings at the same time.
You can use your tentacles to constrict eight enemies at once.
Your skin changes colour to match your surroundings (Stealth).
Your rubbery body absorbs attacks (AC +1).


Message History

You hit Grinder but do no damage. You tentacle-slap Grinder.
Grinder is moderately wounded.
You constrict Grinder. You hit Grinder but do no damage.
Grinder is moderately wounded.
You constrict Grinder. Grinder hits you.
Drink which item? (? for menu, Esc to quit)
You feel much better.
You constrict Grinder. Grinder gestures at you.
You suddenly lose the ability to move!
You lose your grip on Grinder.
Grinder hits you.
You writhe in agony.
You writhe in agony.
Grinder hits you!
You writhe in agony.
Grinder gestures at you. Pain shoots through your body! Grinder hits you!
You writhe in agony.
* * * LOW HITPOINT WARNING * * *
Grinder hits you!
* * * LOW HITPOINT WARNING * * *
You writhe in agony.
You die...

#.###################
#.....5@....<........
############.########
?... ##.##.# ..# #
###


You could see Grinder.

Vanquished Creatures
  The ghost of Hanyuu the Insei, an average OpTm (D:3)
  A jelly (D:3)
  An orc wizard (D:3)
  An orc priest (D:3)
  A hound (D:3)
  2 adders
  A gnoll (D:1)
  3 worms (D:2)
  A giant gecko (D:2)
  5 orcs (D:3)
  7 bats
  A bat skeleton (D:4)
  5 giant cockroaches
  5 goblins
  7 hobgoblins
  8 jackals
  14 kobolds
  2 ball pythons (D:1)
  3 giant newts
  A quokka (D:2)
  8 rats
  A bush (D:1)
  A plant (D:1)
80 creatures vanquished.

Notes
Turn   | Place    | Note
--------------------------------------------------------------
     0 | D:1      | Hanyuu, the Octopode Transmuter, began the quest for the Orb.
     0 | D:1      | Reached XP level 1. HP: 13/13 MP: 3/3
   410 | D:1      | Reached XP level 2. HP: 15/18 MP: 5/5
  1070 | D:1      | Reached skill level 4 in Unarmed Combat
  1159 | D:1      | Reached XP level 3. HP: 19/23 MP: 6/6
  1990 | D:2      | Reached XP level 4. HP: 10/29 MP: 7/7
  2337 | D:2      | Found an ancient bone altar of Kikubaaqudgha.
  2760 | D:2      | Learned a level 2 spell: Sticks to Snakes
  2764 | D:2      | Learned a level 3 spell: Spider Form
  2832 | D:2      | Found a shimmering altar of Xom.
  2864 | D:2      | Found a stormy altar of Qazlal.
  3163 | D:3      | Found a shadowy altar of Dithmenos.
  3257 | D:3      | Reached XP level 5. HP: 34/34 MP: 8/8
  3345 | D:3      | Reached skill level 5 in Unarmed Combat
  3645 | D:3      | Noticed Hanyuu's ghost (average OpTm)
  3739 | D:3      | Reached XP level 6. HP: 36/39 MP: 9/9
  4114 | D:3      | Killed Hanyuu's ghost
  4114 | D:3      | Reached skill level 6 in Unarmed Combat
  4199 | D:4      | Noticed Grinder
  4209 | D:4      | Paralysed by Grinder for 6 turns
  4214 | D:4      | Slain by Grinder

Action                   |  1- 3 |  4- 6 || total
-------------------------+-------+-------++-------
Melee: Unarmed           |    42 |    14 ||    56
       Dagger            |   247 |   117 ||   364
Throw: Tomahawk          |     4 |       ||     4
       Javelin           |       |    10 ||    10
 Cast: Beastly Appendage |     3 |       ||     3
       Spider Form       |       |     1 ||     1
  Use: Scroll            |       |     5 ||     5
       Potion            |       |     2 ||     2
 Stab: Sleeping          |     1 |     4 ||     5
  Eat: Chunk             |     3 |     5 ||     8
       Meat ration       |       |     1 ||     1
       Beef jerky        |       |     1 ||     1
